 Dungeon Crawl Stone Soup version 0.17-a0-1596-g1e86911 (webtiles) character file.

475851 patman the Slayer (level 26, -4/231 HPs)
             Began as a Formicid Wanderer on July 28, 2015.
             Was the Champion of Okawaru.
             Killed from afar by a white draconian (32 damage)
             ... with a chilling blast
             ... on level 5 of the Depths on July 30, 2015.
             The game lasted 04:33:11 (80571 turns).

patman the Slayer (Formicid Wanderer)              Turns: 80571, Time: 04:33:11

Health: -4/231     AC: 42    Str: 21    XL:     26   Next: 1%
Magic:  23/23      EV:  8    Int: 12    God:    Okawaru [******]
Gold:   641        SH: 20    Dex: 18    Spells: 2 memorised, 19 levels left

rFire  + . .     SeeInvis +     b - +8 lajatang (pain)
rCold  . . .     Clarity  .     X - +6 plate armour {rF+}
rNeg   . . .     SustAt   .     F - +0 large shield {reflect}
rPois  .         Gourm    .     (helmet unavailable)
rElec  .         Spirit   .     Z - +2 cloak {MR+}
rCorr  +         Warding  .     u - +2 pair of gloves
rMut   .         Stasis   +     q - +2 pair of boots {run}
MR     +++..                    O - amulet of resist corrosion
Stlth  ..........               r - +6 ring of slaying
                                T - +4 ring of protection

@: drained, quick, extremely resistant to hostile enchantments, extremely
unstealthy
A: permanent stasis, dig shafts and tunnels, four strong arms, antennae 3
a: Dig, Shaft Self, Heroism, Renounce Religion
}: 2/15 runes: serpentine, barnacled


You were on level 5 of the Depths.
You worshipped Okawaru.
Okawaru was exalted by your worship.
You were not hungry.

You visited 8 branches of the dungeon, and saw 46 of its levels.
You also visited: Labyrinth and Sewer.

You collected 5000 gold pieces.
You spent 4359 gold pieces at shops.

Inventory:

Hand weapons
 a - a +3 arbalest
 b - a +8 lajatang of pain (weapon)
Missiles
 h - 62 steel bolts
 y - 28 bolts of penetration
 D - 1024 bolts
 H - 67 bolts of flame
 K - 98 poisoned bolts
 P - 58 bolts of frost
 R - 101 silver bolts
Armour
 q - a +2 pair of boots of running (worn)
 u - a +2 pair of gloves (worn)
 F - a +0 large shield of reflection (worn)
 N - the +0 cloak of Mirth {rF+ rCorr Dex+4}
   (Okawaru gifted it to you on level 11 of the Dungeon)

   It affects your dexterity (+4).
   It protects you from fire.
   It protects you from acid and corrosion.
 X - a +6 plate armour of fire resistance (worn)
 Z - a +2 cloak of magic resistance (worn)
Jewellery
 j - an uncursed ring of positive energy
 k - an uncursed ring of protection from magic (quivered)
 p - an uncursed ring of poison resistance
 r - a +6 ring of slaying (right hand)
 w - the ring "Foequc" {rC+ MP+9 EV+2 Str+5 Int-3}
   (You found it on level 4 of the Lair of Beasts)

   [ring of evasion]

   It affects your evasion (+2).
   It affects your strength (+5).
   It affects your intelligence (-3).
   It protects you from cold.
   It affects your magic capacity (+9).
 L - an uncursed ring of protection from fire
 O - an amulet of resist corrosion (around neck)
 T - a +4 ring of protection (left hand)
Magical devices
 c - a wand of digging (8)
 I - a wand of invisibility (4)
 M - a wand of heal wounds (6)
 U - a wand of draining (13)
Scrolls
 e - 5 scrolls of magic mapping
 g - 10 scrolls of remove curse
 n - a scroll of holy word
 t - 6 scrolls of recharging
 x - 6 scrolls of fog
 B - 6 scrolls of identify
 C - 8 scrolls of enchant weapon
 V - 7 scrolls of fear
Potions
 i - 4 potions of might
 l - 7 potions of curing
 o - a potion of heal wounds
 s - a potion of cancellation
 v - 3 potions of magic
 z - 3 potions of cure mutation
 A - 7 potions of flight
 E - 4 potions of agility
 G - 2 potions of invisibility
 J - 2 potions of resistance
 W - 6 potions of brilliance
 Y - a potion of ambrosia
Comestibles
 f - 5 bread rations
 m - 31 fruits


   Skills:
 * Level 23.8(22.4) Fighting
 - Level 14.0(12.9) Staves
 - Level 21.2(19.9) Crossbows
 - Level 23.4(22.1) Armour
 - Level 1.0(0.2) Dodging
 - Level 15.0(13.9) Shields
 * Level 2.4(1.5) Necromancy
 - Level 1.1(0.3) Evocations


You had 19 spell levels left.
You knew the following spells:

 Your Spells              Type           Power        Failure   Level  Hunger
a - Repel Missiles        Chrm/Air       #.....       100%        2    ###....
b - Animate Dead          Necr           N/A          100%        4    #####..


Dungeon Overview and Level Annotations

Branches:
Dungeon (15/15)            Temple (0/1) D:4            Lair (8/8) D:11
 Shoals (4/4) Lair:6        Snake (4/4) Lair:5        Slime (0/6) Lair:6
    Orc (4/4) D:9             Elf (3/3) Orc:4        Vaults (4/5) D:14
  Crypt (0/3) Vaults:2     Depths (5/5) D:15            Zot (0/5) Depths:5

Altars:
Ashenzari
Cheibriados
Elyvilon
Fedhas
Gozag
Makhleb
Nemelex Xobeh
Okawaru
Qazlal
Ru
Sif Muna
Trog
Vehumet
Xom
Zin
The Shining One
Beogh

Shops:
D:6 =   D:11 !   D:12 !   Orc:4 (*=(   Elf:1 %   Elf:2 [*%**   Snake:3 ?
Vaults:2 [   Vaults:4 [

Portals:
Hell: Lair:8 Depths:1 Depths:2*
Abyss: Depths:1
Pandemonium: Depths:1


Innate Abilities, Weirdness & Mutations

You are under a permanent stasis effect.
You can dig through walls and to a lower floor.
Your four strong arms can wield two-handed weapons with a shield.
You have a pair of large antennae on your head (SInv).


Message History

The bolt of lightning hits you!
* * * LOW HITPOINT WARNING * * *
You hear a shout! x3
A deep troll shaman comes into view.
A deep troll and a deep troll earth mage come into view.
The deep troll earth mage shouts!
The deep troll shouts!
The golden dragon breathes fire at you. The bolt of fire hits you! You resist.
* * * LOW HITPOINT WARNING * * *
The fire giant points at you and mumbles some strange words.
The fireball explodes!
The fireball engulfs you!
A deep troll shaman comes into view.
There is a large open door here.
Drink which item? (? for menu, Esc to quit)
You feel much better.
The deep troll shaman calls upon its god to strengthen the deep troll earth mage.
The deep troll earth mage seems to grow stronger.
The white draconian breathes frost at you.
The chilling blast hits you!
You die...

#....#...{......#
#..8.#..d.......#
{ #....
#..dDd...# { +
#..D###Ddd...##
#+.
#..{'##DD#####
.... #''.qD.#
.... ##CdDd.+ {
#..##.....+ { {{
#⌠..@'#...# {
#.##...#####
....T# { {
##...'T {{
++#.#TT{ ###... {
####


You could see a shadow dragon, 2 golden dragons, 2 storm dragons, a black
draconian, a yellow draconian, a green draconian, a purple draconian, a red
draconian, a white draconian, a fire giant, a quicksilver dragon, a green
draconian scorcher, a deep troll, a deep troll earth mage and 2 deep troll
shamans.

Vanquished Creatures
  Saint Roka (Snake:2)
  Vashnia (Snake:3)
  A golden dragon (Depths:1)
  Nikola (Vaults:1)
  Rupert (Lair:8)
  A tentacled monstrosity (Vaults:3)
  Asterion (Snake:1)
  A deep elf master archer (Elf:3)
  3 deep elf blademasters (Elf:3)
  A kraken (Shoals:4)
  An ancient champion (Vaults:2)
  3 sphinxes
  8 greater nagas
  A tengu reaver (Vaults:4)
  The ghost of WhatIsLove the Nimble, a mighty HaWr of Okawaru (Elf:3)
  Roxanne (D:14)
  Ilsuiw (Shoals:4)
  A fire giant (Vaults:4)
  Wiglaf (Snake:3)
  Donald (Snake:1)
  2 frost giants
  10 deep elf sorcerers
  Aizul (Snake:1)
  12 vault wardens
  An orc warlord (Elf:1)
  A ghoul (Vaults:2)
  12 stone giants
  10 very ugly things
  15 ironheart preservers
  A vampire knight (Depths:1)
  A large abomination (Vaults:1)
  7 deep elf demonologists
  A salamander stormcaller (Vaults:2)
  A dire elephant (Lair:8)
  The ghost of cmdexe the Basher, a powerful HOFi of Makhleb (Orc:4)
  11 deep elf annihilators
  6 deep elf death magi
  4 ettins
  6 merfolk javelineers (Shoals:4)
  3 fire dragons
  9 merfolk impalers
  14 vault guards
  Josephine (Lair:8)
  A minotaur (Lab)
  5 deep elf high priests
  3 rakshasas (Depths:1)
  2 entropy weavers (Depths:1)
  The ghost of simok the Grappler, a powerful TrBe of Trog (D:10)
  8 yaktaur captains
  9 great orbs of eyes
  13 hydras
  4 ice dragons
  15 naga warriors
  A spriggan air mage (Depths:1)
  10 merfolk aquamancers
  9 anacondas
  Erica (D:9)
  2 catoblepae
  18 dancing weapons (Elf:2)
  2 alligator snapping turtles
  16 ogre magi
  8 centaur warriors
  3 tengu warriors
  The ghost of MordorOrchid the Unseen, a powerful SpBe of Trog (D:13)
  An alligator (shapeshifter) (Vaults:2)
  A queen ant (Lair:2)
  3 orc high priests
  10 death yaks
  A satyr (Shoals:4)
  A deep troll shaman (Depths:1)
  A vampire mage (D:15)
  3 deep troll earth magi
  11 shock serpents
  22 naga sharpshooters
  28 deep elf knights
  A spriggan berserker (Depths:1)
  6 skeletal warriors
  A sun demon (Lair:8)
  2 wizards
  3 salamander mystics
  4 giant orange brains
  15 deep trolls
  A shadow demon (Depths:1)
  16 naga ritualists
  A sea snake (shapeshifter) (Vaults:4)
  5 necromancers
  8 unseen horrors
  19 ironbrand convokers
  Pikel (D:9)
  16 deep elf conjurers
  18 sea snakes
  A phantasmal warrior (Vaults:2)
  2 flayed ghosts
  19 orc knights
  9 deep elf summoners
  4 oklob plants (Lair:6)
  A sphinx zombie (D:15)
  45 ugly things
  31 harpies
  11 hill giants
  10 mana vipers
  9 cyclopes
  A wolf spider zombie (D:12)
  A hornet (shapeshifter) (Vaults:4)
  A frost giant zombie (Depths:1)
  2 wolf spiders
  10 fauns
  A sixfirhy (Lair:8)
  10 manticores
  14 griffons
  8 water nymphs
  A fire giant zombie (Depths:1)
  2 stone giant zombies (Depths:1)
  A cyclops (shapeshifter) (Vaults:2)
  4 orc sorcerers
  25 naga magi
  5 elephants
  A tengu skeleton (Vaults:4)
  13 salamanders
  A faun (shapeshifter) (Vaults:1)
  A guardian serpent (Snake:2)
  13 sirens
  A frost giant skeleton (Depths:1)
  A hornet (D:13)
  A rust devil (Depths:1)
  5 orange demons (Lair:8)
  2 smoke demons
  2 gargoyles (D:14)
  14 vault sentinels
  A storm dragon simulacrum (Vaults:4)
  53 black mambas
  10 komodo dragons
  45 yaktaurs
  An efreet (D:15)
  4 centaur skeletons
  18 spiny frogs
  2 small abominations (Vaults:1)
  2 blue devils (Lair:8)
  17 deep elf priests
  3 fire drakes
  6 freezing wraiths
  A hellwing (Depths:1)
  A tengu conjurer (D:14)
  5 polar bears
  3 wind drakes
  A two-headed ogre (shapeshifter) (Vaults:1)
  A queen bee (shapeshifter) (Elf:3)
  32 merfolk
  A wind drake (shapeshifter) (Vaults:3)
  A polar bear (shapeshifter) (Vaults:3)
  4 red devils
  7 snapping turtles
  36 blink frogs
  A slime creature (shapeshifter) (Elf:1)
  17 trolls
  A fire dragon zombie (D:15)
  25 two-headed ogres
  30 slime creatures
  An elf zombie (D:15)
  9 boulder beetles
  2 shadows (D:15)
  A fire elemental (Depths:1)
  An ice dragon skeleton (Depths:1)
  A fire dragon skeleton (Depths:1)
  Sigmund (D:2)
  6 wyverns
  2 spriggans (shapeshifter)
  31 deep elf magi
  4 wraiths
  A human (shapeshifter) (Vaults:4)
  3 air elementals (Depths:1)
  17 water elementals
  30 deep elf fighters
  A hippogriff (shapeshifter) (D:15)
  9 redbacks
  A basilisk (shapeshifter) (Vaults:4)
  A vampire (Vaults:2)
  3 basilisks
  64 yaks
  A soldier ant (shapeshifter) (Vaults:4)
  27 wolves
  2 hungry ghosts
  A human (D:14)
  10 vampire mosquitoes
  5 wargs
  7 soldier ants (Lair:2)
  A mottled dragon (D:14)
  49 nagas
  A deep troll zombie (Vaults:4)
  A naga (shapeshifter) (Elf:2)
  19 water moccasins
  15 hippogriffs
  6 ice beasts
  A human skeleton (D:15)
  9 porcupines
  35 orc warriors
  7 black bears
  3 boggarts (Vaults:2)
  2 necrophages
  2 slaves (D:9)
  21 centaurs
  2 phantoms
  58 ogres
  5 sky beasts
  24 crocodiles
  4 big kobolds
  A wyvern zombie (D:12)
  22 giant frogs
  9 killer bees (D:12)
  3 scorpions
  A wight (Vaults:2)
  A scorpion (shapeshifter) (Vaults:4)
  2 jellies
  2 quasits
  4 electric eels
  11 crimson imps
  A giant frog zombie (D:5)
  5 hounds
  6 centaur zombies
  A wasp zombie (D:12)
  2 giant frog skeletons
  40 orc priests
  A gnoll shaman (D:5)
  14 iguanas
  34 worker ants
  28 orc wizards
  2 killer bee zombies
  32 sheep
  4 hound zombies
  A hound skeleton (D:9)
  2 worker ant zombies
  4 gnolls (D:5)
  13 adders
  60 river rats
  5 shadow imps
  An ooze (D:2)
  An adder skeleton (D:7)
  3 worms
  7 giant geckos
  221 orcs
  A bat skeleton (D:4)
  2 bat zombies
  7 giant cockroaches
  24 goblins
  15 hobgoblins
  40 kobolds
  A quokka (D:4)
  7 ball pythons
  A ball python zombie (D:5)
  13 bats
  A giant gecko zombie (D:6)
  3 giant newts
  11 jackals
  36 rats
  4 crawling corpses
  10 plants
  A tentacle (Shoals:4)
2332 creatures vanquished.

Vanquished Creatures (others)
  A stone giant (Vaults:4)
  A merfolk javelineer (Shoals:4)
  2 yaktaur captains
  A vault guard (Vaults:2)
  A centaur warrior (Vaults:2)
  A deep elf knight (Elf:3)
  A mana viper (Snake:2)
  A cyclops (Vaults:1)
  2 fauns (Shoals:1)
  8 yaktaurs
  A two-headed ogre (Vaults:1)
  3 deep elf magi
  A wolf (Lair:6)
  A slave (D:9)
  An ogre (Vaults:1)
  An orc wizard (D:9)
  An adder (D:9)
  An orc (Vaults:3)
  A crawling corpse (Elf:1)
  25 fungi
  29 plants
  3 tentacles (Shoals:4)
  46 tentacle segments (Shoals:4)
133 creatures vanquished.

Grand Total: 2465 creatures vanquished

Notes
Turn   | Place    | Note
--------------------------------------------------------------
     0 | D:1      | patman the Formicid Wanderer began the quest for the Orb.
     0 | D:1      | patman set off with: a wand of confusion (15), a +0 hand crossbow, 21 bolts, a potion of lignification, a +0 robe, a bread ration
     0 | D:1      | Reached XP level 1. HP: 18/18 MP: 1/1
   499 | D:1      | Reached XP level 2. HP: 22/24 MP: 2/2
   745 | D:2      | Reached XP level 3. HP: 24/29 MP: 3/3
   760 | D:2      | Noticed Sigmund
   779 | D:2      | Killed Sigmund
   779 | D:2      | Reached skill level 6 in Crossbows
   779 | D:2      | Reached XP level 4. HP: 19/35 MP: 4/4
   779 | D:2      | Reached XP level 5. HP: 22/41 MP: 5/5
   903 | D:2      | Found a sacrificial altar of Ru.
   903 | D:2      | Found an opulent altar of Gozag.
   905 | D:2      | Found a radiant altar of Vehumet.
   909 | D:2      | Found a deep blue altar of Sif Muna.
   913 | D:2      | Found an iron altar of Okawaru.
   913 | D:2      | Found a shimmering altar of Xom.
   913 | D:2      | Found a snail-covered altar of Cheibriados.
   913 | D:2      | Found a blossoming altar of Fedhas.
   913 | D:2      | Found a white marble altar of Elyvilon.
   914 | D:2      | Found a stormy altar of Qazlal.
   916 | D:2      | Found a burning altar of Makhleb.
   917 | D:2      | Found a glowing golden altar of the Shining One.
   918 | D:2      | Found a sparkling altar of Nemelex Xobeh.
   925 | D:2      | Became a worshipper of Warmaster Okawaru
  1065 | D:2      | Found an iron altar of Okawaru.
  1082 | D:2      | Reached XP level 6. HP: 35/47 MP: 6/6
  1662 | D:3      | Reached skill level 7 in Crossbows
  2032 | D:3      | You fall through a shaft!
  2405 | D:4      | Found a staircase to the Ecumenical Temple.
  2767 | D:4      | Reached XP level 7. HP: 14/52 MP: 7/7
  2887 | D:4      | Reached skill level 8 in Crossbows
  3183 | D:5      | Entered Level 5 of the Dungeon
  3286 | D:5      | Acquired Okawaru's first power
  3286 | D:5      | Reached skill level 9 in Crossbows
  3521 | D:5      | Found a glowing drain.
  3564 | Sewer    | Entered a sewer
  3571 | Sewer    | Reached XP level 8. HP: 35/58 MP: 8/8
  4568 | D:5      | Found a bloodstained altar of Trog.
  4675 | D:5      | Reached skill level 10 in Crossbows
  5174 | D:6      | Found an iron altar of Okawaru.
  5249 | D:6      | Reached XP level 9. HP: 60/65 MP: 9/9
  5463 | D:6      | Reached skill level 5 in Armour
  5472 | D:6      | Reached skill level 5 in Fighting
  5525 | D:6      | Found Lonics's Jewellery Shop.
  6915 | D:8      | Reached XP level 10. HP: 50/79 MP: 10/10
  7069 | D:8      | Identified a +3 rod of inaccuracy (13/13) (You found it on level 8 of the Dungeon)
  7533 | D:8      | Received a gift from Okawaru
  8185 | D:8      | Found a blossoming altar of Fedhas.
  8332 | D:8      | Noticed a cyclops
  8348 | D:8      | Killed a cyclops
  8348 | D:8      | Received a gift from Okawaru
  9055 | D:9      | Found a glowing silver altar of Zin.
  9247 | D:9      | Acquired Okawaru's second power
  9277 | D:9      | Noticed Pikel
  9288 | D:9      | Reached XP level 11. HP: 89/89 MP: 11/11
  9293 | D:9      | Killed Pikel
  9293 | D:9      | Reached skill level 11 in Crossbows
  9527 | D:9      | Noticed Erica
  9545 | D:9      | Killed Erica
  9545 | D:9      | Received a gift from Okawaru
  9545 | D:9      | Reached skill level 12 in Crossbows
 10013 | D:9      | Found a staircase to the Orcish Mines.
 10182 | Orc:1    | Entered Level 1 of the Orcish Mines
 10962 | Orc:2    | Noticed a cyclops
 10971 | Orc:2    | Killed a cyclops
 12081 | Orc:1    | Reached skill level 10 in Fighting
 12675 | Orc:3    | Reached skill level 10 in Armour
 12815 | Orc:3    | Found a roughly hewn altar of Beogh.
 13208 | Orc:3    | Found a roughly hewn altar of Beogh.
 13208 | Orc:3    | Noticed an orc high priest
 13694 | Orc:3    | Killed an orc high priest
 13694 | Orc:3    | Received a gift from Okawaru
 13835 | Orc:3    | Noticed an orc sorcerer
 14371 | Orc:3    | Killed an orc sorcerer
 14428 | Orc:3    | Received a gift from Okawaru
 14610 | Orc:4    | Entered Level 4 of the Orcish Mines
 14709 | Orc:4    | Found a staircase to the Elven Halls.
 14885 | Orc:4    | Noticed cmdexe's ghost (powerful HOFi)
 14939 | Orc:4    | Killed cmdexe's ghost
 14939 | Orc:4    | Reached XP level 12. HP: 66/100 MP: 10/12
 15142 | Orc:4    | Noticed a hill giant
 15158 | Orc:4    | Killed a hill giant
 15948 | Orc:4    | Noticed an ogre mage
 15969 | Orc:4    | Killed an ogre mage
 16142 | Orc:4    | Received a gift from Okawaru
 16165 | Orc:4    | Noticed a cyclops
 16171 | Orc:4    | Killed a cyclops
 16190 | Orc:4    | Found Viozubor's Assorted Antiques.
 16211 | Orc:4    | Found Wucyos's Weapon Emporium.
 16233 | Orc:4    | Noticed a deep troll
 16247 | Orc:4    | Killed a deep troll
 16620 | Orc:4    | Received a gift from Okawaru
 16646 | Orc:4    | Noticed a hill giant
 16650 | Orc:4    | Killed a hill giant
 16674 | Orc:4    | Noticed a cyclops
 16678 | Orc:4    | Killed a cyclops
 16802 | Orc:4    | Found Feadat's Weapon Boutique.
 16860 | Orc:4    | Found Siuduerph's Jewellery Shoppe.
 16861 | Orc:4    | Noticed a deep troll
 16889 | Orc:4    | Killed a deep troll
 16889 | Orc:4    | Reached XP level 13. HP: 95/109 MP: 13/13
 16901 | Orc:4    | Received a gift from Okawaru
 16962 | Orc:4    | Noticed an ogre mage
 16973 | Orc:4    | Killed an ogre mage
 16973 | Orc:4    | Reached skill level 13 in Fighting
 17333 | Orc:4    | Bought a +0 lajatang for 195 gold pieces
 17472 | D:10     | Entered Level 10 of the Dungeon
 17528 | D:10     | Noticed simok's ghost (powerful TrBe)
 17549 | D:10     | Killed simok's ghost
 18130 | D:10     | Received a gift from Okawaru
 18715 | D:11     | Reached skill level 5 in Staves
 18959 | D:11     | Found Xaarrera's Distillery.
 18963 | D:11     | Bought a potion of heal wounds for 60 gold pieces
 18963 | D:11     | Bought a potion of curing for 36 gold pieces
 18963 | D:11     | Bought a potion of invisibility for 96 gold pieces
 19043 | D:11     | Received a gift from Okawaru
 19044 | D:11     | Got a scorched cloak {god gift}
 19055 | D:11     | Identified the +0 cloak of Mirth {rF+ rCorr Dex+4} (Okawaru gifted it to you on level 11 of the Dungeon)
 19261 | D:11     | Found a staircase to the Lair.
 20255 | D:11     | You fall through a shaft!
 21021 | D:12     | Found Ovvikan's Distillery.
 21964 | D:13     | Reached skill level 10 in Staves
 21964 | D:13     | Reached XP level 14. HP: 110/118 MP: 14/14
 22478 | D:13     | Noticed MordorOrchid's ghost (powerful SpBe)
 22505 | D:13     | You fall through a shaft!
 22706 | D:14     | Received a gift from Okawaru
 23180 | D:13     | Killed MordorOrchid's ghost
 23722 | Lair:1   | Entered Level 1 of the Lair of Beasts
 26014 | Lair:2   | Got an iridescent broad axe
 26015 | Lair:2   | Identified the +2 broad axe "Onliy" {flame, rElec MP+9 Str-5 Dex+7} (You found it on level 2 of the Lair of Beasts)
 27143 | Lair:2   | Reached skill level 14 in Staves
 27143 | Lair:2   | Reached XP level 15. HP: 123/123 MP: 15/15
 27997 | Lair:3   | Received a gift from Okawaru
 28718 | Lair:4   | Got a clouded brass ring
 29155 | Lair:4   | Received a gift from Okawaru
 30156 | Lair:4   | Reached XP level 16. HP: 99/132 MP: 16/16
 30328 | Lair:5   | Received a gift from Okawaru
 30340 | Lair:5   | Found a labyrinth entrance.
 30350 | Lab      | Entered a labyrinth
 31068 | Lair:5   | Identified the ring "Foequc" {rC+ MP+9 EV+2 Str+5 Int-3} (You found it on level 4 of the Lair of Beasts)
 31714 | Lair:5   | Found a staircase to the Snake Pit.
 31851 | Lair:5   | Upgraded the game from 0.17-a0-1583-g2df49ec to 0.17-a0-1591-g7a45446
 32877 | Lair:6   | Received a gift from Okawaru
 32928 | Lair:6   | Found a staircase to the Shoals.
 32985 | Lair:6   | Received a gift from Okawaru
 33764 | Lair:6   | Received a gift from Okawaru
 34499 | Lair:6   | Found a staircase to the Slime Pits.
 34877 | Lair:6   | Received a gift from Okawaru
 34878 | Lair:6   | Got a distressingly furry cloak {god gift}
 34904 | Lair:6   | Identified the +0 cloak of Leq Ufre {rN++ Dex+3 Stlth+} (Okawaru gifted it to you on level 6 of the Lair of Beasts)
 37565 | Lair:7   | Reached XP level 17. HP: 140/140 MP: 17/17
 37605 | Lair:8   | Entered Level 8 of the Lair of Beasts
 37702 | Lair:8   | Noticed Josephine
 37714 | Lair:8   | Killed Josephine
 37714 | Lair:8   | Reached skill level 15 in Crossbows
 39137 | Lair:8   | Found a burning altar of Makhleb.
 39349 | Lair:8   | Received a gift from Okawaru
 39564 | Lair:8   | Found a gateway to Hell.
 39576 | Lair:8   | Identified a +3 rod of destruction (13/13) (You found it on level 8 of the Lair of Beasts)
 39797 | Lair:5   | Reached skill level 16 in Crossbows
 40209 | D:6      | Bought a +6 ring of slaying for 1869 gold pieces
 40714 | Lair:8   | Identified a scroll of acquirement
 40829 | Lair:8   | Noticed Rupert
 40848 | Lair:8   | Killed Rupert
 40848 | Lair:8   | Received a gift from Okawaru
 40884 | Lair:8   | Got a scorched hand crossbow {god gift}
 40885 | Lair:8   | Identified the +8 hand crossbow of Idealism {velocity, rF- rN+ MR+ Dex+2} (Okawaru gifted it to you on level 8 of the Lair of Beasts)
 42031 | Orc:4    | Bought 3 scrolls labeled WASOXK MIMURI for 93 gold pieces
 42618 | D:14     | Noticed Roxanne
 42633 | D:14     | Killed Roxanne
 42641 | D:14     | Identified Roxanne's Disquisition on Dusty Transmutation (You took it off Roxanne on level 14 of the Dungeon)
 42809 | D:14     | Reached skill level 17 in Crossbows
 42902 | D:14     | Received a gift from Okawaru
 42989 | D:14     | Found a gate to the Vaults.
 43769 | D:15     | Entered Level 15 of the Dungeon
 43861 | D:15     | Reached XP level 18. HP: 131/148 MP: 18/18
 44041 | D:15     | Received a gift from Okawaru
 44058 | D:15     | Found a staircase to the Depths.
 44095 | D:15     | Reached skill level 18 in Crossbows
 44167 | D:15     | Received a gift from Okawaru
 44168 | D:15     | Got a dazzling quarterstaff {god gift}
 44169 | D:15     | Identified the +9 quarterstaff of Seofon {crush, rF++} (Okawaru gifted it to you on level 15 of the Dungeon)
 44329 | D:15     | Found a shattered altar of Ashenzari.
 45563 | Orc:4    | Bought an uncursed ring of poison resistance for 280 gold pieces
 45927 | Snake:1  | Entered Level 1 of the Snake Pit
 45957 | Snake:1  | Noticed Donald
 45958 | Snake:1  | Reached skill level 5 in Shields
 45972 | Snake:1  | Killed Donald
 46024 | Snake:1  | Noticed Asterion
 46041 | Snake:1  | HP: 4/148 [Asterion/morningstar of protection (20)]
 46044 | Snake:1  | Killed Asterion
 46241 | Snake:1  | Noticed Aizul
 46243 | Snake:1  | You fall through a shaft!
 46856 | Snake:1  | Received a gift from Okawaru
 47200 | Snake:1  | Killed Aizul
 47680 | Snake:2  | Noticed Saint Roka
 48093 | Snake:2  | HP: 7/148 [anaconda (4)]
 48321 | Snake:2  | Reached skill level 10 in Shields
 48927 | Snake:2  | Received a gift from Okawaru
 49684 | Snake:2  | Reached XP level 19. HP: 149/154 MP: 19/19
 49874 | Snake:2  | Killed Saint Roka
 50363 | Snake:2  | Received a gift from Okawaru
 50719 | Snake:2  | Received a gift from Okawaru
 50915 | Snake:3  | Noticed Vashnia
 52161 | Snake:3  | Killed Vashnia
 52251 | Snake:3  | Found Gucaul's Magic Scroll Boutique.
 52259 | Snake:3  | Bought a scroll of identify for 30 gold pieces
 52353 | Snake:3  | Found a white marble altar of Elyvilon.
 52537 | Snake:3  | Reached skill level 15 in Shields
 52656 | Snake:3  | Received a gift from Okawaru
 52657 | Snake:3  | Got a pitted quarterstaff {god gift}
 52658 | Snake:3  | Identified the +2 quarterstaff of Mana {crush, +Fly rF+ rN+} (Okawaru gifted it to you on level 3 of the Snake Pit)
 52835 | Snake:3  | Reached skill level 15 in Fighting
 52895 | Snake:3  | Identified Vedirora's Catalogue of Air and Confrontation
 52905 | Snake:3  | Learned a level 2 spell: Repel Missiles
 53250 | Snake:3  | Noticed Wiglaf
 53262 | Snake:3  | Killed Wiglaf
 53275 | Snake:3  | Reached skill level 15 in Armour
 54316 | Snake:4  | Entered Level 4 of the Snake Pit
 54551 | Snake:4  | Received a gift from Okawaru
 54948 | Snake:4  | Reached XP level 20. HP: 91/164 MP: 20/20
 55617 | Snake:4  | Received a gift from Okawaru
 56306 | Snake:4  | Received a gift from Okawaru
 56419 | Snake:4  | Got a serpentine rune of Zot
 56799 | Shoals:1 | Entered Level 1 of the Shoals
 58836 | Shoals:3 | Reached XP level 21. HP: 162/175 MP: 21/21
 58967 | Shoals:3 | Received a gift from Okawaru
 59791 | Vaults:1 | Entered Level 1 of the Vaults
 59908 | Vaults:1 | Received a gift from Okawaru
 60556 | Vaults:1 | Received a gift from Okawaru
 60708 | Vaults:1 | Noticed Nikola
 60734 | Vaults:1 | Killed Nikola
 60734 | Vaults:1 | Received a gift from Okawaru
 61598 | Vaults:1 | Reached skill level 19 in Fighting
 62036 | Vaults:1 | Reached XP level 22. HP: 180/188 MP: 22/22
 62105 | Vaults:1 | Received a gift from Okawaru
 62120 | Vaults:1 | Identified a +1 pair of boots of running (Okawaru gifted it to you on level 1 of the Vaults)
 62437 | Vaults:2 | Found a staircase to the Crypt.
 62731 | Vaults:2 | Got a transparent bardiche
 62732 | Vaults:2 | Identified the +1 bardiche "Ymiyxkua" {drain, rC+ SInv} (You found it on level 2 of the Vaults)
 62741 | Vaults:2 | Got a dazzling ring mail
 62752 | Vaults:2 | Identified the +1 ring mail of Courage {*Drain MR+++ Dex+6} (You found it on level 2 of the Vaults)
 63646 | Vaults:2 | Reached skill level 20 in Fighting
 64350 | Vaults:2 | Found Vockopsu's Armour Shoppe.
 64358 | Vaults:2 | Bought a +2 plate armour of fire resistance for 720 gold pieces
 64814 | Vaults:3 | Received a gift from Okawaru
 65799 | Vaults:3 | Reached XP level 23. HP: 150/198 MP: 23/23
 66329 | Vaults:4 | Received a gift from Okawaru
 66487 | Vaults:4 | Got a steaming quarterstaff {god gift}
 66488 | Vaults:4 | Identified the +5 quarterstaff of Okawaru {crush, Int+4 Dex+2} (Okawaru gifted it to you on level 4 of the Vaults)
 66581 | Vaults:4 | Got a distressingly furry plate armour
 66592 | Vaults:4 | Identified the +2 plate armour of the Blacksmith {MP-9 Int+12 SInv} (You found it on level 4 of the Vaults)
 66674 | Vaults:4 | Reached skill level 21 in Fighting
 66949 | Vaults:4 | Found Dawkaunn's Armour Emporium.
 67430 | Vaults:4 | Received a gift from Okawaru
 67879 | Vaults:4 | Received a gift from Okawaru
 68917 | Shoals:4 | Entered Level 4 of the Shoals
 68935 | Shoals:4 | Noticed Ilsuiw
 68950 | Shoals:4 | Killed Ilsuiw
 69184 | Shoals:4 | Received a gift from Okawaru
 69521 | Shoals:4 | Received a gift from Okawaru
 69551 | Shoals:4 | Got a barnacled rune of Zot
 69691 | Shoals:4 | Reached skill level 22 in Fighting
 69980 | Shoals:4 | Reached XP level 24. HP: 210/210 MP: 23/23
 70442 | Shoals:4 | Identified Kanwov's Volume of Curses (You found it on level 4 of the Shoals)
 70523 | Shoals:4 | Upgraded the game from 0.17-a0-1591-g7a45446 to 0.17-a0-1596-g1e86911
 70959 | Elf:1    | Entered Level 1 of the Elven Halls
 71146 | Elf:1    | Found a roughly hewn altar of Beogh.
 71908 | Elf:1    | Found Tithrill's Food Shop.
 71920 | Elf:1    | Bought a bread ration for 70 gold pieces
 71920 | Elf:1    | Bought a bread ration for 70 gold pieces
 72317 | Elf:2    | Found Lulux's Food Shop.
 72856 | Elf:2    | Found Wakoh's Assorted Antiques.
 72857 | Elf:2    | Found Baptu's Assorted Antiques.
 72866 | Elf:2    | Bought a potion of heal wounds for 140 gold pieces
 72998 | Elf:2    | Found Xyfouddi's Assorted Antiques.
 73015 | Elf:2    | Found Tiahoro's Antique Armour Boutique.
 73123 | Elf:2    | Found a runed gate.
 73123 | Elf:2    | Found a runed gate.
 73124 | Elf:2    | Found a runed gate.
 74167 | Elf:3    | Entered Level 3 of the Elven Halls
 74191 | Elf:3    | Noticed WhatIsLove's ghost (mighty HaWr)
 74209 | Elf:3    | Killed WhatIsLove's ghost
 74417 | Elf:3    | Received a gift from Okawaru
 74417 | Elf:3    | Reached skill level 23 in Fighting
 74944 | Elf:3    | Reached XP level 25. HP: 176/221 MP: 23/23
 75491 | Elf:3    | Received a gift from Okawaru
 76029 | Elf:3    | Received a gift from Okawaru
 76089 | Elf:3    | Got an ancient dire flail
 76090 | Elf:3    | Identified the +0 dire flail of Punishment {pain, rElec MR- SInv} (You found it on level 3 of the Elven Halls)
 76613 | Orc:4    | Bought a scroll of enchant armour for 232 gold pieces
 76767 | D:6      | Bought a +4 ring of protection for 468 gold pieces
 77037 | Depths:1 | Entered Level 1 of the Depths
 77177 | Depths:1 | Found a one-way gate leading to the halls of Pandemonium.
 77976 | Depths:1 | Received a gift from Okawaru
 78137 | Depths:1 | Found a one-way gate to the infinite horrors of the Abyss.
 79857 | Depths:1 | Received a gift from Okawaru
 80187 | Depths:1 | Learned a level 4 spell: Animate Dead
 80296 | Depths:1 | Reached skill level 1 in Necromancy
 80528 | Depths:2 | Reached XP level 26. HP: 221/231 MP: 23/23
 80554 | Depths:2 | You fall through a shaft!
 80557 | Depths:3 | You fall through a shaft for 2 floors!
 80557 | Depths:5 | Entered Level 5 of the Depths
 80557 | Depths:5 | Found a gate to the Realm of Zot.
 80570 | Depths:5 | HP: 3/231 [golden dragon/bolt of fire (14)]
 80571 | Depths:5 | Killed from afar by a white draconian

Vault maps used:
D:1:      shiori_arrival_maze
D:2:      minitemple, okawaru_metal_pillars_1_2, uniq_sigmund
D:4:      minmay_temple_entry_junction
D:5:      first_bread, portal_sewer_entry_e, basic_altar
D:6:      serial_shops, shop, basic_altar
D:8:      minmay_distorted_concentric_squares, hangedman_tree_tricks
D:9:      erik_orc_4, basic_altar, minivault_11, uniq_pikel, uniq_erica
D:10:     st_stairs_6
D:11:     statuecave_lemuel, lair_0_dummy, serial_shops, shop_fountains
D:12:     serial_shops, nicolae_shop_window_shopping
D:14:     grunt_vaults_entry_fortified, minmay_misc_feat_alley,
          patterned_corridor, uniq_roxanne
D:15:     gammafunk_depths_entry_grave, evilmike_ruin_ashenzari, st_stairs_8
Lair:1:   fungi_pond_lemuel, grunt_megastairs_1, serial_bayou_shore_b
Lair:2:   zaba_antful_of_joy
Lair:4:   serial_bayou_shore_a, grunt_megastairs_3
Lair:5:   guppyfry_snake_entry_garden, lab_entry_generic,
          infiniplex_staircase_pool
Lair:6:   minmay_shoals_entry_centaurs, minmay_slime_entry_oklob_enclosed,
          grunt_forest_small_clearings
Lair:7:   serial_bayou, serial_bayou_shore_b, serial_bayou_pond_c,
          serial_bayou_pond_a, serial_bayou_pond_a, serial_bayou_pond_d
Lair:8:   evil_forest, wad_woods_road_04, infiniplex_staircase_pool_2,
          uniq_rupert, uniq_josephine
Shoals:3: shoals_oasis
Shoals:4: shoals_end_simple, shoal_ilsuiw, ldierk_geyser
Snake:1:  serial_bayou_shore_b, uniq_asterion, uniq_aizul, uniq_donald
Snake:2:  uniq_saint_roka
Snake:3:  serial_shops, shop, basic_altar, uniq_wiglaf, uniq_vashnia
Snake:4:  snake_pit, basic_stair_grate_trap
Orc:3:    nicolae_orc_accident_2, basic_altar, nicolae_orc_pool_cavern
Orc:4:    st_orc_open
Elf:1:    serial_shops, shop, special_room, kennysheep_underground_church
Elf:2:    serial_shops, nicolae_shop_stone, shop, shop_statue, shop, shop,
          grunt_ministairs_4
Elf:3:    minmay_elf_hall_quartered_circle
Vaults:1: vaults_mumra_hexcomb, vaults_room_grunt_arrival_checkpoint,
          st_quartered_hall, ontoclasm_vaults_tryst, v_misc_12,
          ontoclasm_vaults_loading_screen, grunt_vaults_hallway_short,
          v_pattern_1, vaults_room_pools, v_rooms_4,
          nicolae_vaults_three_branches, vaults_room_stairs_pillars, uniq_nikola
Vaults:2: nicolae_vaults_little_squares_1, minmay_crypt_entry_simple_corners,
          dpeg_vaults_monster_box, v_rooms_1, nicolae_vaults_disjoint_gnomons,
          v_misc_29, ontoclasm_vaults_gallery, v_pattern_5,
          hangedman_vaults_slice, serial_shops, nicolae_shop_stone
Vaults:3: v_misc_27, vaults_room_fancy_cross, v_misc_3, hangedman_vaults_cutoff,
          v_misc_3, hangedman_vaults_capsules, grunt_vaults_bifocal,
          hangedman_vaults_variations, ontoclasm_vaults_loading_screen
Vaults:4: v_misc_28, nicolae_vaults_mini_display_case, ontoclasm_vaults_fault,
          nicolae_vaults_little_squares_2, vaults_room_grunt_arrival_ludios,
          st_lattice, vaults_dpeg_ring, v_rooms_6, v_misc_27, v_misc_30,
          nicolae_vaults_diagonal_hallway_7, serial_shops, shop
Depths:1: abyss_entry, kennysheep_minor_cross, rand_demon_pan_entry_1,
          hell_entry, minmay_misc_feat_x, interstate_on_off,
          minmay_misc_feat_pillars, st_stairs_7, kennysheep_just_a_vault
Depths:2: grunt_crosshair, enter_ziggurat_a, serial_column_ruins,
          column_ruins_portal_astroid, column_ruins_hut_water,
          column_ruins_square_large, column_ruins_grid_2, column_ruins_grid_1,
          column_ruins_grid_1, column_ruins_columns_T,
          column_ruins_open_small_water, hell_entry, hangedman_glass_teeth,
          kennysheep_generic_room_11
Depths:3: angbandy_vault, grunt_pan_entry_zigzag, nicolae_trove_entry_crystal,
          hangedman_decor_riveting, abyss_entry, grunt_hell_entry_dis_grunt,
          lightli_gold_pyramid, infiniplex_staircase_diamond, uniq_margery,
          uniq_mennas, uniq_frederick
Depths:5: grunt_runaround, hell_entry, pan_entry
Lab:      labyrinth_watery, labyrinth_skeletal_remains
Sewer:    sewer_minmay_treatment

Action                   |  1- 3 |  4- 6 |  7- 9 | 10-12 | 13-15 | 16-18 | 19-21 | 22-24 | 25-27 || total
-------------------------+-------+-------+-------+-------+-------+-------+-------+-------+-------++-------
Melee: Unarmed           |    18 |       |       |       |       |       |       |       |       ||    18
       Mace              |    39 |   164 |   150 |       |       |       |       |       |       ||   353
       Short sword       |       |       |   267 |   866 |    71 |       |       |       |       ||  1204
       Lajatang          |       |       |       |       |  1429 |  1074 |       |  1337 |   668 ||  4508
       Quarterstaff      |       |       |       |       |       |   307 |   778 |   564 |       ||  1649
 Fire: Hand crossbow     |    18 |    54 |    91 |   257 |   117 |   465 |   873 |    18 |       ||  1893
       Arbalest          |       |       |       |       |       |   288 |       |   178 |    30 ||   496
Invok: Heroism           |       |       |     1 |     6 |     8 |    17 |     9 |     6 |     3 ||    50
 Abil: Dig               |       |       |       |       |     2 |    16 |     4 |     2 |     4 ||    28
       Shaft Self        |       |       |       |       |     1 |     1 |       |       |     2 ||     4
Evoke: Wand              |     2 |       |     3 |    19 |     6 |       |       |       |       ||    30
       Rod               |       |       |       |     8 |       |       |       |       |       ||     8
  Use: Scroll            |       |     8 |     9 |     6 |     6 |    12 |     8 |     9 |     4 ||    62
       Potion            |       |     1 |     1 |    11 |     4 |    10 |     2 |     6 |     2 ||    37
 Stab: Distracted        |     1 |       |       |       |       |     1 |     1 |       |       ||     3
       Sleeping          |     1 |       |       |       |       |       |       |       |       ||     1
       Paralysed         |       |       |       |     1 |       |       |       |       |       ||     1
       Invisible         |       |       |       |       |       |       |       |     2 |       ||     2
  Eat: Chunk             |       |     4 |     7 |    10 |    17 |    12 |     1 |    14 |       ||    65
       Beef jerky        |       |     2 |     1 |     1 |     1 |     1 |     1 |     1 |       ||     8
       Meat ration       |       |       |     1 |     3 |     2 |     5 |     2 |     3 |     2 ||    18
       Pizza             |       |       |     1 |       |     2 |     1 |     1 |       |       ||     5
       Fruit             |       |       |       |     1 |       |     1 |       |       |       ||     2
       Bread ration      |       |       |       |     2 |     1 |     6 |     6 |     2 |     2 ||    19
       Royal jelly       |       |       |       |       |     3 |       |     1 |       |       ||     4
